 Dungeon Crawl Stone Soup version 0.20.0-4-g10b340a (webtiles) character file.

22 RKaid the Sneak (level 3, 0/24 HPs)
             Began as a Formicid Enchanter on May 28, 2017.
             Succumbed to an adder's poison
             ... on level 2 of the Dungeon.
             The game lasted 00:06:46 (1641 turns).

RKaid the Sneak (Formicid Enchanter)                Turns: 1641, Time: 00:06:47

Health: 0/24       AC:  2    Str: 12    XL:     3   Next: 7%
Magic:  1/6        EV: 12    Int: 15    God:
Gold:   99         SH:  0    Dex: 11    Spells: 2/6 levels left

rFire    . . .     SeeInvis +   a - +1 dagger
rCold    . . .     Gourm    .   (no shield)
rNeg     . . .     Faith    .   b - +0 robe
rPois    +         Spirit   .   (helmet unavailable)
rElec    .         Reflect  .   (no cloak)
rCorr    .         Harm     .   (no gloves)
MR       .....                  (no boots)
Stlth    ++........             (no amulet)
Regen    0.1/turn               e - ring of poison resistance {rPois}
MPRegen  0.1/turn               (no ring)

@: lethally poisoned (0 -> -2), very slightly contaminated, invisible
A: permanent stasis, dig shafts and tunnels, four strong arms, antennae 3
a: Dig, Shaft Self


You were on level 2 of the Dungeon.
You were hungry.

You visited 1 branch of the dungeon, and saw 2 of its levels.

You collected 99 gold pieces.

Inventory:

Hand Weapons
 a - a +1 dagger (weapon)
Missiles
 k - 8 poisoned needles
Armour
 b - a +0 robe (worn)
 j - a +0 scale mail
   (You found it on level 2 of the Dungeon)
Jewellery
 e - a ring of poison resistance (left hand) {rPois}
   (You found it on level 1 of the Dungeon)
Scrolls
 f - a scroll of identify {unknown}
 h - a scroll of enchant weapon {unknown}
Books
 c - a book of Maledictions
 i - a book of Minor Magic
   (You found it on level 2 of the Dungeon)
Comestibles
 d - 2 bread rations


   Skills:
 + Level 0.0 Fighting
 + Level 1.8 Short Blades
 - Level 1.9 Dodging
 - Level 4.0 Stealth
 - Level 2.2 Spellcasting
 + Level 3.9 Hexes


You had 2 spell levels left.
You knew the following spells:

 Your Spells              Type           Power        Failure   Level  Hunger
a - Magic Dart            Conj           #...         22%         1    #......
b - Ensorcelled Hibernat  Hex/Ice        #.....       14%         2    ###....
c - Corona                Hex            ##.....      4%          1    #......


Dungeon Overview and Level Annotations

Branches:
Dungeon (2/15)

Altars:
Xom


Innate Abilities, Weirdness & Mutations

You cannot be hasted, slowed, berserked, paralysed or teleported.
You can dig through walls and to a lower floor.
Your four strong arms can wield two-handed weapons with a shield.
You have a pair of large antennae on your head. (SInv)


Message History

Aiming: Magic Dart
Press: ? - help, Shift-Dir - straight line, f/p - kobold
Aim: a kobold (moderately wounded)
You miscast Magic Dart.
You are very lightly contaminated with residual magic.
You are momentarily dazzled by a flash of light!
You hit the kobold but do no damage. The kobold closely misses you.
You barely miss the kobold. The kobold barely misses you.
You closely miss the kobold. The kobold misses you.
You hit the kobold. The kobold hits you.
You barely miss the kobold. The kobold closely misses you.
You barely miss the kobold. The kobold closely misses you.
You hit the kobold.
You kill the kobold!
You have reached level 3!
Your experience leads to an increase in your attributes!
Increase (S)trength, (I)ntelligence, or (D)exterity?
You feel clever.
You start resting.
Your magical contamination has completely faded away.
You start resting.
There is a stone staircase leading up here.
Found a stone staircase leading up.
A goblin comes into view. It is wielding a club.
You see here a bread ration.
d - 2 bread rations (gained 1)
You see here a scale mail.
An adder comes into view.
The adder hisses angrily.
The goblin shouts!
The goblin hits you with a club.
You hit the goblin.
You kill the goblin!
Casting: Magic Dart
Confirm with . or Enter, or press ? or * to list all spells.
Aiming: Magic Dart
Press: ? - help, Shift-Dir - straight line, f - adder
Aim: an adder You miscast Magic Dart.
You are very lightly contaminated with residual magic.
Nothing appears to happen.
The adder bites you. The adder bites you. The adder bites you.
The adder closely misses you.
Casting: Magic Dart
Confirm with . or Enter, or press ? or * to list all spells.
Aiming: Ensorcelled Hibernation
Press: ? - help, Shift-Dir - straight line, f/p - adder
Aim: an adder (chance to defeat MR: 48%)
The adder resists with some effort.
The adder bites you. The adder closely misses you.
Casting: Ensorcelled Hibernation
Confirm with . or Enter, or press ? or * to list all spells.
Aiming: Ensorcelled Hibernation
Press: ? - help, Shift-Dir - straight line, f/p - adder
Aim: an adder (chance to defeat MR: 48%)
You miscast Ensorcelled Hibernation.
You feel off-balance for a moment.
You are feeling hungry.
The adder bites you.
Casting: Ensorcelled Hibernation
Confirm with . or Enter, or press ? or * to list all spells.
Aiming: Ensorcelled Hibernation
Press: ? - help, Shift-Dir - straight line, f/p - adder
Aim: an adder (chance to defeat MR: 48%)
The adder resists with some effort.
The adder barely misses you.
Casting: Ensorcelled Hibernation
Confirm with . or Enter, or press ? or * to list all spells.
You don't have enough magic to cast that spell.
Unknown command.
The adder misses you.
You miss the adder. The adder bites you.
* * * LOW HITPOINT WARNING * * *
You are poisoned.
The adder poisons you!
Okay, then.
You miss the adder.
You feel sick. The adder completely misses you.
You hit the adder but do no damage. The adder barely misses you.
You closely miss the adder. The adder barely misses you. x2
You miss the adder.
You feel sick. The adder bites you but does no damage.
You hit the adder. The adder barely misses you.
Casting: Ensorcelled Hibernation
Confirm with . or Enter, or press ? or * to list all spells.
Aiming: Magic Dart
Press: ? - help, Shift-Dir - straight line, f/p - adder
Aim: an adder (lightly wounded)
The magic dart hits the adder.
The adder bites you.
* * * LOW HITPOINT WARNING * * *
You completely miss the adder. The adder bites you.
* * * LOW HITPOINT WARNING * * *
The adder completely misses you.
It was a potion of invisibility.
You fade into invisibility!
* * * LOW HITPOINT WARNING * * *
You feel sick. The adder closely misses you.
The adder hisses angrily.
The adder bites you but does no damage.
An adder comes into view.
* * * LOW HITPOINT WARNING * * *
You feel sick. The adder closely misses you.
You die...

#...^≈._.≈♣§
####.#≈.#≈.__^§
#....##...#_.♣#
#.....##...≈###
######......###.###.
#...##.....<#.......
#...##......#.......
#...#####........(..
#S.@# #.....##....
#...# #.....##.###
#..S# #...........
###.# #....###.##.
#.#####.#...^...#.
#.w.w...........#.
#######.#.........
########.#.......#.
#..................


You could see a worm and 2 adders.

Vanquished Creatures
  A leopard gecko (D:1)
  A bat (D:1)
  2 giant cockroaches (D:1)
  2 goblins
  3 hobgoblins (D:1)
  2 frilled lizards (D:1)
  4 kobolds
  4 rats
19 creatures vanquished.

Notes
Turn   | Place    | Note
-------+----------+-------------------------------------------
     0 | D:1      | RKaid the Formicid Enchanter began the quest for the Orb.
     0 | D:1      | Reached XP level 1. HP: 13/13 MP: 3/3
   513 | D:1      | Reached XP level 2. HP: 19/19 MP: 5/5
  1384 | D:2      | Reached skill level 4 in Stealth
  1414 | D:2      | Found a shimmering altar of Xom.
  1415 | D:2      | Found a shimmering altar of Xom.
  1415 | D:2      | Found a shimmering altar of Xom.
  1415 | D:2      | Found a shimmering altar of Xom.
  1415 | D:2      | Found a shimmering altar of Xom.
  1415 | D:2      | Found a shimmering altar of Xom.
  1435 | D:2      | Learned a level 2 spell: Ensorcelled Hibernation
  1437 | D:2      | Learned a level 1 spell: Magic Dart
  1556 | D:2      | Reached XP level 3. HP: 24/24 MP: 3/6
  1626 | D:2      | HP: 6/24 [poisoned by an adder]
  1631 | D:2      | HP: 5/24 [adder (1)]
  1633 | D:2      | HP: 2/24 [poisoned by an adder]
  1641 | D:2      | Succumbed to an adder's poison

Skill      XL: |  1  2 |
---------------+-------+-----
Stealth        | 4 |  4.0
Short Blades   | |  1.8
Dodging        | |  1.9
Spellcasting   | |  2.2
Hexes          | |  3.9

Action                   || total
-------------------------++-------
Melee: Dagger            ||    80
 Cast: Corona            ||     7
       Magic Dart        ||     4
       Ensorcelled Hiber ||     2
  Use: Potion            ||     1
 Stab: Sleeping          ||     2
  Eat: Chunk             ||     2
Armor: Robe              ||    11
Dodge: Dodged            ||    63

Table legend:
 A = Turns spent in this place as a percentage of turns spent in the entire game.
 B = Non-inter-level travel turns spent in this place as a percentage of non-inter-level travel turns spent in the entire game.
 C = Inter-level travel turns spent in this place as a percentage of turns spent in this place.
 D = Turns resting spent in this place as a percentage of non-inter-level travel turns spent in this place.
 E = Turns spent auto-exploring this place as a percentage of non-inter-level travel turns spent in this place.
 F = Non-inter-level travel turns spent in this place divided by the number of levels of this place that you've seen.
                   A       B       C       D       E      F
               +-------+-------+-------+-------+-------+----------------------
         Total | 100.0 | 100.0 |   0.2 |   4.3 |   1.9 | 293.0
       Dungeon | 100.0 | 100.0 |   0.2 |   4.3 |   1.9 | 293.0
               +-------+-------+-------+-------+-------+----------------------

Table legend:
 A = Kills in this place as a percentage of kills in entire the game.
 B = Kills by you in this place as a percentage of kills by you in the entire game.
 C = Kills by friends in this place as a percentage of kills by friends in the entire game.
 D = Other kills in this place as a percentage of other kills in the entire game.
 E = Experience gained in this place as a percentage of experience gained in the entire game.
 F = Experience gained in this place divided by the number of levels of this place that you have seen.
                   A       B       C       D       E      F
               +-------+-------+-------+-------+-------+----------------------
         Total | 100.0 | 100.0 |  -nan |  -nan | 100.0 |  16.0
       Dungeon | 100.0 | 100.0 |  -nan |  -nan | 100.0 |  16.0
               +-------+-------+-------+-------+-------+----------------------
